 Dungeon Crawl Stone Soup version 0.17.0-24-gcfadda4 (webtiles) character file.

3158 swanee the Skirmisher (level 9, -2/69 HPs)
             Began as a Mummy Wanderer on Nov 16, 2015.
             Slain by a warg (7 damage)
             ... on level 7 of the Dungeon on Nov 17, 2015.
             The game lasted 01:09:22 (13338 turns).

swanee the Skirmisher (Mummy Wanderer)             Turns: 13338, Time: 01:09:22

Health: -2/69      AC: 12    Str: 16    XL:     9   Next: 62%
Magic:  16/16      EV: 12    Int: 14    God:
Gold:   516        SH:  0    Dex: 14    Spells: 0 memorised, 18 levels left

rFire  x . .     SeeInvis .     b - +2 dagger (speed)
rCold  + . .     Clarity  .     u - +2 scale mail
rNeg   + + +     SustAt   .     (no shield)
rPois  ∞         Gourm    .     (no helmet)
rElec  .         Spirit   .     (no cloak)
rCorr  .         Warding  .     (no gloves)
rMut   .         Stasis   .     B - +2 pair of boots
MR     +....                    (no amulet)
Stlth  +.........               (no ring)
                                w - +3 ring of dexterity

@: somewhat resistant to hostile enchantments, very unstealthy
A: no food or potions, fire vulnerability, cold resistance 1, negative energy
resistance 3, torment resistance, unbreathing
a: no special abilities


You were on level 7 of the Dungeon.
You were not hungry.

You visited 1 branch of the dungeon, and saw 8 of its levels.
You also visited: Ossuary.

You collected 516 gold pieces.

Inventory:

Hand Weapons
 a - a +1 dagger of venom
 b - a +2 dagger of speed (weapon)
 j - a +0 dire flail
 n - a +0 shortbow
 p - a +0 trident
 r - a +0 hand axe
 y - a +0 dire flail
 D - a +0 shortbow
Missiles
 g - 168 stones (quivered)
 h - 91 sling bullets
 i - 11 bolts of frost
 k - 4 needles of sleeping
 q - 55 arrows
 s - 14 sling bullets of flame
 A - 5 poisoned needles
 M - 6 needles of slowing
 P - 14 arrows of dispersal
 Q - 16 bolts
Armour
 d - a +0 chain mail
 o - a +0 chain mail
 u - a +2 scale mail (worn)
 B - a +2 pair of boots (worn)
 C - a +3 plate armour
Jewellery
 w - a +3 ring of dexterity (left hand)
Wands
 E - a wand of flame (31)
Scrolls
 c - 4 scrolls of teleportation
 e - 6 scrolls of remove curse
 f - 9 scrolls of identify
 l - 2 scrolls of noise {unknown}
 m - a scroll of fear
 t - 2 scrolls of fog {unknown}
 x - 2 scrolls of vulnerability {unknown}
 z - 2 scrolls of amnesia {unknown}
 G - a scroll of blinking {unknown}
 I - 2 scrolls of recharging {unknown}
 O - 2 scrolls of immolation {unknown}
Books
 H - a book of Ice

   Spells                             Type                      Level
   a - Ice Form                       Ice/Transmutation            4
   b - Metabolic Englaciation         Hexes/Ice                    5
   c - Ozocubu's Refrigeration        Ice                          6
   d - Bolt of Cold                   Conjuration/Ice              6
   e - Freezing Cloud                 Conjuration/Ice/Air          6
   f - Simulacrum                     Ice/Necromancy               6
 J - a book of Maledictions

   Spells                             Type                      Level
   a - Corona                         Hexes                        1
   b - Ensorcelled Hibernation        Hexes/Ice                    2
   c - Confuse                        Hexes                        3
   d - Tukima's Dance                 Hexes                        3
   e - Dazzling Spray                 Conjuration/Hexes            3


   Skills:
 + Level 6.2 Fighting
 * Level 4.2 Short Blades
 - Level 1.5 Maces & Flails
 + Level 0.5 Bows
 - Level 1.0 Throwing
 + Level 6.1 Armour
 - Level 5.0 Dodging
 - Level 2.2 Stealth
   Level 1.0 Shields
 * Level 5.1 Spellcasting
 + Level 0.5 Evocations


You had 18 spell levels left.
You didn't know any spells.

Dungeon Overview and Level Annotations

Branches:
Dungeon (8/15)             Temple (0/1) D:7
   Lair: D:8-11

Altars:
Ashenzari
Elyvilon
Fedhas
Nemelex Xobeh
Qazlal
Trog
Vehumet
Xom

Shops:
D:6 *

Annotations:
D:5 gw's ghost, amateur FeMo


Innate Abilities, Weirdness & Mutations

You do not eat or drink.
Your flesh is vulnerable to fire.
You are immune to poison.
Your flesh is cold resistant.
You are immune to negative energy.
You are immune to unholy pain and torment.
You can survive without breathing.


Message History

A slice of pizza.
The floor.
Unknown command.
Your +1 dagger of venom stops dripping with poison.
Your hands tingle!
b - a +2 dagger of speed (weapon)
The warg barely misses you.
You hit the warg.
The warg is lightly wounded.
The warg bites you!
* * * LOW HITPOINT WARNING * * *
Read which item? (? for menu, Esc to quit)
As you read the scroll labeled NAOLOO ITUSUHA, it crumbles to dust.
The dust glows mottled blue!
It was a scroll of random uselessness.
The warg bites you!
* * * LOW HITPOINT WARNING * * *
The warg barely misses you. The warg barely misses you. The warg bites you!
You die...

#...........+.........'........
####.#...####.........###......
###.##.## ##.......## #......
#.......# ##.....## ###....
#....##.# ##...## #....
#....^#.# ##+## #.### #.....#.#
#.# #.# #.###.#.# #####.### #.#
#.......## #.@h....# #.#
#........# #.##%...# #.#
#.###.##.# #.#....># #.# #.#
#.##.###.##....# #.#
#.###........###.#.#######.#
#........##### #.#.........#
########## #.########### #.#
#.#


You could see a warg.

Vanquished Creatures
  A hippogriff (D:8)
  A water moccasin (D:5)
  An ice beast (D:8)
  A sky beast (D:6)
  2 orc warriors
  3 ogres
  A black bear (D:7)
  An elf zombie (Ossuary)
  4 centaurs
  2 giant frogs (D:6)
  3 scorpions
  A water moccasin skeleton (D:4)
  A centaur zombie (Ossuary)
  2 crimson imps
  A wasp zombie (D:4)
  3 jellies
  A giant frog zombie (D:7)
  A quasit (D:7)
  9 orc wizards
  2 hounds
  A human zombie (Ossuary)
  5 orc priests
  6 iguanas
  Terence (D:2)
  A killer bee zombie (D:6)
  6 worker ants
  4 big kobold zombies (Ossuary)
  A hound zombie (D:5)
  2 mummies (Ossuary)
  2 worker ant zombies
  8 adders
  3 shadow imps
  2 oozes
  An adder zombie (Ossuary)
  2 adder skeletons
  3 worms
  7 giant geckos
  32 orcs
  3 ball pythons
  8 bats
  5 hobgoblins
  5 quokkas
  11 giant cockroaches
  2 giant gecko skeletons
  8 giant newts
  7 goblins
  10 hobgoblin zombies (Ossuary)
  4 jackals (D:1)
  A jackal skeleton (D:5)
  2 jackal zombies
  6 kobolds
  8 kobold zombies (Ossuary)
  6 orc zombies (Ossuary)
  A quokka skeleton (D:5)
  A quokka zombie (D:5)
  2 rats
  2 rat zombies (Ossuary)
220 creatures vanquished.

Notes
Turn   | Place    | Note
--------------------------------------------------------------
     0 | D:1      | swanee the Mummy Wanderer began the quest for the Orb.
     0 | D:1      | swanee set off with: a +2 scale mail, a +0 mace, a scroll of teleportation
     0 | D:1      | Reached XP level 1. HP: 19/19 MP: 1/1
   512 | D:1      | Reached XP level 2. HP: 25/25 MP: 2/2
   927 | D:2      | Noticed Terence
   943 | D:2      | Killed Terence
   943 | D:2      | Reached skill level 1 in Stealth
   943 | D:2      | Reached skill level 1 in Spellcasting
   943 | D:2      | Reached XP level 3. HP: 11/31 MP: 4/4
  1667 | D:2      | Reached XP level 4. HP: 38/38 MP: 5/5
  1828 | D:2      | Found a sparkling altar of Nemelex Xobeh.
  2136 | D:3      | Found a white marble altar of Elyvilon.
  2161 | D:3      | Reached skill level 1 in Dodging
  2503 | D:3      | Reached XP level 5. HP: 39/43 MP: 7/7
  3296 | D:4      | Reached skill level 1 in Short Blades
  3436 | D:4      | Reached XP level 6. HP: 23/50 MP: 9/9
  3633 | D:4      | Reached skill level 5 in Fighting
  3875 | D:4      | Found a shimmering altar of Xom.
  3875 | D:4      | Found a blossoming altar of Fedhas.
  3876 | D:4      | Found a stormy altar of Qazlal.
  4093 | D:4      | Found a shattered altar of Ashenzari.
  4370 | D:5      | Entered Level 5 of the Dungeon
  4979 | D:4      | Reached XP level 7. HP: 41/56 MP: 10/10
  5221 | D:5      | Noticed gw's ghost (amateur FeMo)
  5315 | D:6      | Found a sand-covered staircase.
  5336 | Ossuary  | Entered an ossuary
  7067 | D:5      | Reached XP level 8. HP: 63/63 MP: 12/12
  9049 | D:6      | HP: 2/64 [something/magic dart (6)]
  9633 | D:6      | Found a radiant altar of Vehumet.
  9679 | D:6      | Found Honadgh's Serpentskin Sales.
  9774 | D:6      | Found a bloodstained altar of Trog.
 10416 | D:7      | Reached XP level 9. HP: 48/69 MP: 15/15
 10610 | D:7      | Found a staircase to the Ecumenical Temple.
 10672 | D:7      | Reached skill level 5 in Dodging
 10975 | D:7      | Reached skill level 5 in Armour
 11858 | D:8      | Reached skill level 6 in Fighting
 13095 | D:8      | Reached skill level 5 in Spellcasting
 13338 | D:7      | Slain by a warg

Action                   |  1- 3 |  4- 6 |  7- 9 || total
-------------------------+-------+-------+-------++-------
Melee: Mace              |    86 |       |       ||    86
       Dagger            |    46 |   239 |   887 ||  1172
 Fire: Shortbow          |       |       |    13 ||    13
Throw: Stone             |    67 |   117 |   192 ||   376
Evoke: Wand              |       |       |     6 ||     6
  Use: Scroll            |       |     3 |     6 ||     9
